 Seeded DCSS version 0.32-a0-928-g1cae6b7ea0 (webtiles) character file.

Game seed: 202404125 (custom seed)

24 Orlauf the Slasher (level 2, 0/23 HPs)
             Began as a Demonspawn Gladiator on Apr 12, 2024.
             Slain by a jackal (1 damage)
             ... on level 1 of the Dungeon.
             The game lasted 00:00:42 (376 turns).

Orlauf the Slasher (Demonspawn Gladiator)            Turns: 376, Time: 00:00:43

Health: 0/23       AC:  4    Str: 14    XL:     2   Next: 79%
Magic:  2/2        EV:  1    Int:  8    God:
Gold:   29         SH:  0    Dex: 14    Spells: 1/1 levels left

rFire   . . .        a - +0 long sword
rCold   . . .        (no shield)
rNeg    . . .        h - +0 leather armour
rPois   .            c - +0 helmet
rElec   .            (no cloak)
rCorr   .            (no gloves)
SInv    .            (no boots)
Will    +....        (no amulet)
Stlth   +            k - ring of willpower
HPRegen 0.23/turn    (no ring)
MPRegen 0.16/turn

%: no passive effects
@: constricted
A: magic regeneration
a: no special abilities


You were on level 1 of the Dungeon.
You visited 1 branch of the dungeon, and saw 1 of its levels.

You collected 29 gold pieces.

Inventory:

Hand Weapons
 a - a +0 long sword (weapon)
 b - a +2 dagger of venom
Missiles
 d - 3 throwing nets (quivered)
 e - 3 javelins
Armour
 c - a +0 helmet (worn)
 h - a +0 leather armour (worn)
Jewellery
 k - a ring of willpower (left hand)
Scrolls
 f - a scroll of enchant armour {unknown}
 g - 2 scrolls of identify {unknown}
Potions
 i - a potion of curing {unknown}
 j - a potion of heal wounds {unknown}


   Skills:
 + Level 2.5 Fighting
 * Level 3.4 Long Blades
 - Level 1.7 Throwing
 - Level 2.6 Dodging


You had one spell level left.
You didn't know any spells.
Your spell library was empty.

Dungeon Overview and Level Annotations

Branches:
Dungeon (1/15)

Altars:


Innate Abilities, Weirdness & Mutations

You regenerate magic rapidly.


Message History

The jackal barks!
You slash the goblin!
You kill the goblin!
You closely miss the ball python. The ball python closely misses you. x2
The ball python misses you.
The jackal bites you but does no damage.
You barely miss the jackal. The jackal misses you. The ball python misses you.
The ball python grabs you. The ball python constricts you.
The jackal bites you but does no damage.
You hit the ball python.
The ball python is severely wounded.
The ball python bites you but does no damage.
The ball python constricts you.
The ball python bites you but does no damage.
The ball python constricts you.
There are monsters nearby!
You closely miss the ball python.
The ball python is severely wounded.
The jackal bites you. x2
The ball python bites you but does no damage.
The ball python constricts you. The jackal bites you. x2
The ball python bites you. The ball python constricts you.
You closely miss the ball python.
The ball python is severely wounded.
The jackal bites you.
The jackal bites you but does no damage.
The ball python bites you but does no damage.
The ball python constricts you.
* * * LOW HITPOINT WARNING * * *
The jackal pauses to sniff the ground.
The jackal bites you.
* * * LOW HITPOINT WARNING * * *
The jackal bites you.
* * * LOW HITPOINT WARNING * * *
You barely miss the ball python.
The ball python is severely wounded.
The ball python barely misses you. The ball python constricts you.
The jackal bites you but does no damage.
The jackal bites you.
You die...

# .#### #...# ##.#.##.#
# #...# #....##.# ##
##.##### #..####.# .# .
#.....# #.......# .# #.#
######.# #.......# .##
#... ...##.# #.#####.#
..# .....##.##.#
#..(..... ..#
#..hh.#.#####.#####.#
..# #S@.......#.#####.#
.##
........######.#.......#
.# ######.## #########
.# #. ## #. # #. # .. ..


You could see 2 jackals and a ball python.

Vanquished Creatures
  A dart slug (D:1)
  A ball python (D:1)
  A bat (D:1)
  4 endoplasms (D:1)
  A giant cockroach (D:1)
  2 goblins (D:1)
  3 jackals (D:1)
  A quokka (D:1)
  3 kobolds (D:1)
17 creatures vanquished.

Notes
Turn   | Place    | Note
-------+----------+-------------------------------------------
     0 | D:1      | Orlauf the Demonspawn Gladiator began the quest for the
                  | Orb.
     0 | D:1      | Reached XP level 1. HP: 16/16 MP: 1/1
   160 | D:1      | Reached skill level 3 in Long Blades
   181 | D:1      | Gained mutation: You regenerate magic rapidly. [demonic
                  | ancestry]
   181 | D:1      | Reached XP level 2. HP: 19/22 MP: 2/2
   375 | D:1      | HP: 1/23 [jackal (3)]
   376 | D:1      | Slain by a jackal

Illustrated notes

Levels and vault maps discovered:
D:1:      dpeg_arrival_rhombus, layout_loops_cross, nicolae_shop_vocational

Skill      XL: |  1 |
---------------+----+-----
Long Blades    | 3 |  3.4
Fighting       | |  2.5
Throwing       | |  1.7
Dodging        | |  2.6

Action                     || total
---------------------------++-------
  Melee: Long sword        ||    48
 Armour: Leather armour    ||    47
  Dodge: Dodged            ||    30

Table legend: (Time is in decaauts)
 A = Elapsed time spent in this place.
 B = Non-inter-level travel time spent in this place.
 C = Inter-level travel time spent in this place.
 D = Time resting spent in this place.
 E = Time spent auto-exploring this place.
 F = Levels seen in this place.
 G = Mean time per level.
                   A        B        C        D        E       F      G
               +--------+--------+--------+--------+--------+-----+--------+
         Total |    387 |    387 |      0 |      0 |    269 |   1 |  387.0 |
       Dungeon |    387 |    387 |      0 |      0 |    269 |   1 |  387.0 |
               +--------+--------+--------+--------+--------+-----+--------+

Top non-repeatable levels by time:
     D:1: 387 daAuts
